 Dungeon Crawl Stone Soup version 0.22-a0-447-gee5f723 (webtiles) character file.

211 iamserjio the Covered (level 5, -1/49 HPs)
             Began as a Gargoyle Fighter on June 3, 2018.
             Slain by an iguana (5 damage)
             ... on level 2 of the Dungeon.
             The game lasted 00:04:10 (2544 turns).

iamserjio the Covered (Gargoyle Fighter)            Turns: 2544, Time: 00:04:11

Health: -1/49      AC: 22    Str: 19    XL:     5   Next: 88%
Magic:  5/5        EV:  2    Int:  9    God:
Gold:   182        SH:  9    Dex: 10    Spells: 4/4 levels left

rFire    . . .     SeeInvis .   a - +0 war axe
rCold    . . .     Gourm    .   c - +0 shield
rNeg     + + +     Faith    .   (armour currently unavailable)
rPois    ∞         Spirit   .   (helmet currently unavailable)
rElec    .         Reflect  .   (cloak currently unavailable)
rCorr    .         Harm     .   (gloves currently unavailable)
MR       .....     NoTele   +   (boots currently unavailable)
Stlth    ++........             (no amulet)
HPRegen  0.16/turn              j - ring of stealth
MPRegen  0.09/turn              (no ring)

@: tree-form, very slightly contaminated, invisible
A: negative energy resistance 1, petrification resistance, rot immunity, AC +4
a: no special abilities


You were on level 2 of the Dungeon.
You were near starving.
You were a tree.
You visited 1 branch of the dungeon, and saw 4 of its levels.

You collected 182 gold pieces.

Inventory:

Hand Weapons
 a - a +0 war axe (weapon)
Armour
 b - a +0 scale mail (melded)
 c - a +0 shield (worn)
 k - a +0 helmet (melded)
 l - a +0 large shield
Jewellery
 j - a ring of stealth (left branch)
 s - an uncursed amulet of magic regeneration {unknown}
Scrolls
 e - 4 scrolls of remove curse
 g - 3 scrolls of identify {unknown}
 n - 2 scrolls of fog {unknown}
 o - a scroll of teleportation {unknown}
 q - a scroll of noise {unknown}
 r - a scroll of enchant armour {unknown}
 u - a scroll of enchant weapon {unknown}
Potions
 d - 2 potions of might
 h - a potion of magic
 i - 5 potions of curing {unknown}
 t - a potion of haste {unknown}
Comestibles
 f - 8 rations


   Skills:
 + Level 4.3 Fighting
 * Level 3.5 Axes
 + Level 4.3 Armour
 + Level 4.2 Shields


You had 4 spell levels left.
You didn't know any spells.
Your spell library was empty.

Dungeon Overview and Level Annotations

Branches:
Dungeon (4/15)
 Temple: D:4-7

Altars:
Elyvilon
Okawaru


Innate Abilities, Weirdness & Mutations

You are resistant to torment.
((Your stone body is resilient. (AC +4)))
You are immune to poison.
You resist negative energy. (rN+)
((You are resistant to electric shocks. (rElec)))
((You can survive without breathing.))
You are immune to petrification.
You are immune to rotting.


Message History

You climb upwards.
There is a stone staircase leading down here.
The orc hits you with a flail.
* * * LOW HITPOINT WARNING * * *
There is an escape hatch in the ceiling here.
Okay, then.
The iguana bites you but does no damage.
A mysterious force pulls you upwards. The hatch slams shut behind you.
Okay, then.
It was a potion of magic.
Magic courses through your body. You block the iguana's attack.
It was a potion of invisibility.
You fade into invisibility!
You block the iguana's attack.
You are very lightly contaminated with residual magic.
It was a potion of lignification.
You turn into a tree.
Your +0 helmet melds into your body.
Your +0 scale mail melds into your body.
Your roots penetrate the ground.
The iguana bites you.
You die...

##.####.######.#...<...#.........
.................................
.#.####.######.#.........(..#####
.#.#....### #..............#
.#.#......# ##############.#
.#.#......# #..............#
..........# #.##############
.#........# #.#.## .#........#
#.#♣.# .#........# #.#l.#
.#....)...# #.#..# .#........#
#.#..# ########
.#.)#.########.#..#####......####
.#...........................'...
.#..############.######......####
.#............<..# #.........[
.##.##########..†# #..........


You could see an iguana.

Vanquished Creatures
  A black bear (D:3)
  6 adders
  An ooze (D:2)
  A worm (D:2)
  A dart slug (D:2)
  A leopard gecko (D:1)
  An orc (D:2)
  2 giant cockroaches
  9 goblins
  3 hobgoblins
  5 jackals
  10 kobolds
  3 quokkas
  5 bats
  2 frilled lizards
  A leopard gecko skeleton (D:4)
  9 rats
61 creatures vanquished.

Notes
Turn   | Place    | Note
-------+----------+-------------------------------------------
     0 | D:1      | iamserjio the Gargoyle Fighter began the quest for the Orb.
     0 | D:1      | Reached XP level 1. HP: 14/14 MP: 1/1
    62 | D:1      | Reached XP level 2. HP: 11/19 MP: 2/2
   511 | D:2      | Reached XP level 3. HP: 20/23 MP: 3/3
   555 | D:2      | Found a white marble altar of Elyvilon.
   696 | D:2      | Reached XP level 4. HP: 29/29 MP: 4/4
   816 | D:2      | Found an iron altar of Okawaru.
  1713 | D:3      | Reached XP level 5. HP: 33/33 MP: 5/5
  1885 | D:3      | Noticed a black bear
  1895 | D:3      | Killed a black bear
  2544 | D:2      | Slain by an iguana

Vault maps used:
D:1:      grunt_arrival_crossed_arrows
D:2:      elyvilon_altar_5, kennysheep_okawaru_gauntlet
D:3:      first_ration
D:4:      minmay_strange_pillars, uniq_duvessa

Skill      XL: |  1  2  3  4 |
---------------+-------------+-----
Axes           | 2 3 |  3.5
Armour         | 4 |  4.3
Fighting       | 4 |  4.3
Shields        | 4 |  4.2

Action                   |  1- 3 |  4- 6 || total
-------------------------+-------+-------++-------
Melee: War axe           |   119 |   131 ||   250
  Use: Potion            |       |     3 ||     3
       Scroll            |       |     1 ||     1
  Eat: Chunk             |       |     4 ||     4
Armor: Scale mail        |    76 |    87 ||   163
Dodge: Dodged            |    47 |    52 ||    99
Block: Shield            |    58 |    95 ||   153

Table legend:
 A = Spawn XP
 B = Non-spawn XP
 C = Spawn XP percentage of total XP
 D = Spawn monster count
 E = Non-spawn monster count
 F = Spawn count percentage of total count
 G = Total turns spent on level
                    A         B        C        D         E        F      G
               +---------+---------+-------+---------+---------+-------+---------
         Total |       0 |     302 |   0.0 |       0 |      61 |   0.0 |  2544
               +---------+---------+-------+---------+---------+-------+---------
           D:1 |       0 |      26 |   0.0 |       0 |      15 |   0.0 |   475
           D:2 |       0 |     101 |   0.0 |       0 |      29 |   0.0 |   860
           D:3 |       0 |     174 |   0.0 |       0 |      16 |   0.0 |  1099
           D:4 |       0 |       1 |   0.0 |       0 |       1 |   0.0 |   110
               +---------+---------+-------+---------+---------+-------+---------
